 Dungeon Crawl Stone Soup version 0.24-a0-536-gdd4cf15266 (webtiles) character file.

Game seed: 6305267128782573032

207 BinkBink the Poker (level 5, -1/40 HPs)
             Began as a Demonspawn Gladiator on Aug 11, 2019.
             Was an Initiate of Dithmenos.
             Killed by divine providence
             ... invoked by an orc priest
              (12 damage)
             ... on level 6 of the Dungeon.
             The game lasted 00:04:14 (2994 turns).

BinkBink the Poker (Demonspawn Gladiator)           Turns: 2994, Time: 00:04:15

Health: -1/40      AC:  4    Str: 16    XL:     5   Next: 54%
Magic:  5/5        EV: 13    Int:  9    God:    Dithmenos [......]
Gold:   135        SH:  6    Dex: 14    Spells: 4/4 levels left

rFire    . . .     SeeInvis .   a - +0 trident
rCold    . . .     Gourm    .   (no shield)
rNeg     . . .     Faith    .   b - +0 leather armour
rPois    .         Spirit   .   c - +0 helmet
rElec    .         Reflect  .   (no cloak)
rCorr    .         Harm     .   (no gloves)
MR       .....                  (no boots)
Stlth    ++........             (no amulet)
HPRegen  0.13/turn              (no ring)
MPRegen  0.09/turn              (no ring)

@: no status effects
A: large bone plates 2
a: Renounce Religion


You were on level 6 of the Dungeon.
You worshipped Dithmenos.
Dithmenos was noncommittal.
You were hungry.

You visited 1 branch of the dungeon, and saw 5 of its levels.

You collected 135 gold pieces.

Inventory:

Hand Weapons
 a - a +0 trident (weapon)
 n - a +3 spear
Missiles
 d - 3 throwing nets (quivered)
 o - 4 sling bullets
Armour
 b - a +0 leather armour (worn)
 c - a +0 helmet (worn)
Jewellery
 u - an uncursed ring of protection from cold {unknown}
 v - an uncursed amulet of rage {unknown}
Wands
 s - a wand of random effects (17)
Scrolls
 e - 6 scrolls of teleportation {unknown}
 g - a scroll of fog {unknown}
 h - 2 scrolls of noise {unknown}
 i - 3 scrolls of enchant weapon {unknown}
 m - a scroll of fear {unknown}
 r - a scroll of amnesia {unknown}
 t - 3 scrolls of blinking {unknown}
Potions
 j - a potion of invisibility {unknown}
 k - a potion of brilliance {unknown}
 l - a potion of haste {unknown}
 p - a potion of curing {unknown}
 q - a potion of magic {unknown}
Comestibles
 f - 9 rations


   Skills:
 + Level 2.8 Fighting
 + Level 4.3 Polearms
 + Level 1.9 Throwing
 + Level 1.6 Armour
 + Level 3.2 Dodging
 + Level 1.3 Stealth


You had 4 spell levels left.
You didn't know any spells.
Your spell library was empty.

Dungeon Overview and Level Annotations

Branches:
Dungeon (4/15)
 Temple: D:4-7

Altars:
Cheibriados
Dithmenos
Elyvilon
Okawaru
Ru
Sif Muna
Vehumet
Zin


Innate Abilities, Weirdness & Mutations

You are mostly covered in large bone plates. (SH +6)


Message History

You kill the orc!
Dithmenos accepts your kill. You block the wyvern zombie's attack.
You hit the wyvern zombie.
The wyvern zombie is lightly damaged.
The wyvern zombie barely misses you.
The orc priest invokes the aid of Beogh against you.
Beogh smites you!
* * * LOW HITPOINT WARNING * * *
The wyvern zombie closely misses you.
The orc priest begins to cast a cantrip, but forgets the words!
A quokka comes into view.
You hear the slow hiss of a very distant avalanche of sand.
You hear the slow rusting of a distant drain.
The orc priest begins to cast a cantrip, but forgets the words!
The wyvern zombie misses you. The wyvern zombie barely misses you.
The orc priest calls down the wrath of Beogh upon you.
Beogh smites you!
You die...

#.# ### #.# #.. #.#
#.# #.# #.# ####.####
#?o .......# #.#
#...#r# #.#
#.@.#.##### #..
#.........# #Z#
#.##..Z...o.# #.#
#.......###.#######.#
####..##......†.....#
#.....##.#########
##....>..# #.#####.#
#.. ..#


You could see an orc priest and a wyvern zombie.

Vanquished Creatures
  2 orc priests (D:3)
  An orc wizard (D:2)
  3 adders (D:2)
  2 worms (D:2)
  2 dart slugs (D:1)
  A leopard gecko (D:1)
  8 orcs
  10 bats
  5 giant cockroaches
  11 goblins
  4 hobgoblins
  A quokka (D:2)
  A ball python (D:1)
  6 frilled lizards
  10 kobolds
  15 rats
82 creatures vanquished.

Notes
Turn   | Place    | Note
-------+----------+-------------------------------------------
     0 | D:1      | BinkBink the Demonspawn Gladiator began the quest for the
                  | Orb.
     0 | D:1      | Reached XP level 1. HP: 16/16 MP: 1/1
    34 | D:1      | Gained mutation: You are partially covered in large bone
                  | plates. (SH +4) [demonic ancestry]
    34 | D:1      | Reached XP level 2. HP: 12/23 MP: 2/2
   272 | D:1      | Reached skill level 3 in Polearms
   501 | D:1      | Gained mutation: You are mostly covered in large bone
                  | plates. (SH +6) [demonic ancestry]
   501 | D:1      | Reached XP level 3. HP: 28/28 MP: 3/3
  1253 | D:2      | Reached XP level 4. HP: 34/34 MP: 4/4
  1391 | D:2      | Found a radiant altar of Vehumet.
  1525 | D:2      | Reached skill level 1 in Armour
  1745 | D:2      | Found a sacrificial altar of Ru.
  1753 | D:2      | Reached skill level 4 in Polearms
  1980 | D:3      | Reached skill level 1 in Stealth
  1980 | D:3      | Reached XP level 5. HP: 35/39 MP: 5/5
  2699 | D:3      | Found a glowing silver altar of Zin.
  2766 | D:3      | Found a shadowy altar of Dithmenos.
  2766 | D:3      | Found a snail-covered altar of Cheibriados.
  2771 | D:3      | Found an iron altar of Okawaru.
  2773 | D:3      | Found a white marble altar of Elyvilon.
  2775 | D:3      | Found a shimmering blue altar of Sif Muna.
  2831 | D:3      | Became a worshipper of Dithmenos the Shadowed
  2941 | D:4      | You fall into a shaft and drop 2 floors!
  2994 | D:6      | Killed from afar by an orc priest

Levels and vault maps discovered:
D:1:      erik_arrival_orb_chamber, layout_loops_ring, serial_park_tiny_1,
          ebering_dispersal_statue_hall
D:2:      layout_loops_corners, fiery_altar_vehumet,
          nicolae_ru_great_annihilating_truth
D:3:      layout_loops_ring, chequers_temple_overflow_minitemple,
          lemuel_crystal_altar, minmay_diced_spiral
D:4:      layout_loops_cross, gammafunk_temple_overflow_statue, serial_shops,
          kennysheep_little_box, uniq_grinder, uniq_eustachio
D:6:      layout_loops_cross, nicolae_overflow_crystal_walls,
          nicolae_ossuary_entry_giza, gup_sewer_entry_spiral,
          lexackson_kobold_supper

Skill      XL: |  1  2  3  4 |
---------------+-------------+-----
Polearms       | 3 4 |  4.3
Dodging        | 3 |  3.2
Armour         | 1 |  1.6
Stealth        | 1 |  1.3
Fighting       | |  2.8
Throwing       | |  1.9

Action                   |  1- 3 |  4- 6 || total
-------------------------+-------+-------++-------
Melee: Trident           |   125 |   128 ||   253
 Stab: Paralysed         |       |     4 ||     4
       Sleeping          |       |     4 ||     4
  Eat: Chunk             |     1 |     5 ||     6
Armor: Leather armour    |    13 |    22 ||    35
Dodge: Dodged            |    56 |    63 ||   119
Block: Other             |    19 |    28 ||    47

Table legend:
 A = Non-vault XP
 B = Vault XP
 C = Vault XP percentage of total XP
 D = Non-vault monster count
 E = Vault monster count
 F = Vault count percentage of total count
                 A         B        C        D         E       F
            +---------+---------+-------+---------+---------+-------
      Total |     241 |      56 |  18.9 |      64 |      18 |  22.0
            +---------+---------+-------+---------+---------+-------
        D:1 |      34 |      12 |  26.1 |      18 |      12 |  40.0
        D:2 |      87 |      39 |  31.0 |      27 |       4 |  12.9
        D:3 |     117 |       5 |   4.1 |      18 |       2 |  10.0
        D:6 |       3 |       0 |   0.0 |       1 |       0 |   0.0
            +---------+---------+-------+---------+---------+-------
